 Dungeon Crawl Stone Soup version 0.29.1-12-g30fa7ad0bf (webtiles) character file.

Game seed: 17579666667782522814

205 hawla the Chiller (level 6, -1/45 HPs)
             Began as a Meteoran Ice Elementalist on Jan 14, 2023.
             Slain by an orc warrior
             ... wielding a +0 trident of flaming
              (9 damage)
             ... on level 4 of the Dungeon.
             The game lasted 00:06:24 (1258 turns).

hawla the Chiller (Meteoran Ice Elementalist)       Turns: 1258, Time: 00:06:24

Health: -1/45      AC:  5    Str: 10    XL:     6   Next: 31%
Magic:  9/13       EV: 12    Int: 18    God:
Gold:   161        SH:  0    Dex: 15    Spells: 5/13 levels left

rFire   . . .      SeeInvis .   (no weapon)
rCold   . . .      Faith    .   (no shield)
rNeg    . . .      Spirit   .   a - +0 robe
rPois   .          Reflect  .   (no helmet)
rElec   .          Harm     .   k - +1 cloak
rCorr   .          Rampage  .   r - +0 pair of gloves
Will    .....                   (no boots)
Stlth   +.........              (no amulet)
HPRegen 0.15/turn               (no ring)
MPRegen 0.13/turn               (no ring)

@: freezing walls, glowing
A: sense surroundings 1, otherworldly, glowing, explore regen
a: no special abilities


You were on level 4 of the Dungeon.
You visited 1 branch of the dungeon, and saw 4 of its levels.

You collected 161 gold pieces.

Inventory:

Armour
 a - a +0 robe (worn)
 k - a +1 cloak (worn)
 r - a +0 pair of gloves (worn)
Jewellery
 c - a +6 ring of strength
 n - a +6 ring of dexterity
Scrolls
 d - 3 scrolls of identify {unknown}
 e - a scroll of vulnerability {unknown}
 g - a scroll of silence {unknown}
 h - 2 scrolls of magic mapping {unknown}
 i - 3 scrolls of amnesia {unknown}
 o - a scroll of enchant weapon {unknown}
 p - a scroll of summoning {unknown}
 v - a scroll of acquirement {unknown}
 w - a scroll of teleportation {unknown}
 x - a scroll of poison {unknown}
Potions
 f - 2 potions of attraction {unknown}
 j - a potion of lignification {unknown}
 l - 2 potions of might {unknown}
 m - 2 potions of flight {unknown}
 q - 2 potions of mutation {unknown}
 s - a potion of resistance {unknown}
 t - a potion of curing {unknown}
 u - 2 potions of haste {unknown}
 z - a potion of experience {unknown}


   Skills:
 - Level 0.1 Fighting
 - Level 2.5 Dodging
 - Level 1.4 Stealth
 - Level 4.0 Spellcasting
 + Level 4.1 Conjurations
 - Level 5.6 Ice Magic


You had 5 spell levels left.
You knew the following spells:

 Your Spells              Type           Power      Damage    Failure   Level
a - Freeze                Ice            92%        1d10      1%          1
b - Frozen Ramparts       Ice            46%        1d7       4%          3
c - Hailstorm             Conj/Ice       21%        3d6       21%         4

Your spell library contained the following spells:

 Spells                   Type           Power      Damage    Failure   Level
 Ozocubu's Armour         Ice            23%        N/A       4%          3
 Beastly Appendage        Tmut           6%         N/A       14%         1
 Blink                    Tloc           6%         N/A       22%         2
 Wereblood                Tmut           3%         N/A       22%         2
 Call Canine Familiar     Summ           3%         N/A       41%         3
 Lesser Beckoning         Tloc           3%         N/A       41%         3
 Portal Projectile        Hex/Tloc       6%         N/A       41%         3
 Spider Form              Tmut/Pois      3%         N/A       41%         3
 Leda's Liquefaction      Hex/Erth       1%         N/A       82%         4
 Manifold Assault         Tloc           3%         N/A       99%         5


Dungeon Overview and Level Annotations

Branches:
Dungeon (4/15) Zot: 1142
 Temple: D:4-7

Altars:
Sif Muna


Innate Abilities, Weirdness & Mutations

You passively map a small area around you.
You are easily found by Zot.
You glow in the dark.
You regain HP and MP as you explore.


Message History

Confirm with . or Enter, or press ? or * to list all spells.
Casting: Frozen Ramparts (dangerous; 4% risk of failure)
Press: ? - help, Dir - look around, f - activate The walls around you are covered in ice.
You feel sick.
You feel sick.
Casting: Frozen Ramparts (dangerous; 4% risk of failure)
Confirm with . or Enter, or press ? or * to list all spells.
The spell is quite dangerous to miscast (21% risk of failure)!
Continue anyway?
Okay, then.
Casting: Hailstorm (quite dangerous; 21% risk of failure)
Confirm with . or Enter, or press ? or * to list all spells.
The spell is quite dangerous to miscast (21% risk of failure)!
Continue anyway?
Casting: Hailstorm (quite dangerous; 21% risk of failure)
Press: ? - help, Dir - look around, f - activate A cannonade of hail descends around you!
The hail pelts the orc warrior.
The orc warrior is lightly wounded.
You feel sick.
You are no longer poisoned.
The wall freezes the orc warrior.
The orc warrior hits you from afar with a +0 trident of flaming!
The orc warrior burns you.
Unknown command.
Magic courses through your body.
The wall freezes the orc warrior.
The orc warrior hits you from afar with a +0 trident of flaming!
* * * LOW HITPOINT WARNING * * *
The orc warrior burns you.
* * * LOW HITPOINT WARNING * * *
Casting: Hailstorm (quite dangerous; 21% risk of failure)
Confirm with . or Enter, or press ? or * to list all spells.
The spell is quite dangerous to miscast (21% risk of failure)!
Continue anyway?
Casting: Hailstorm (quite dangerous; 21% risk of failure)
Press: ? - help, Dir - look around, f - activate A cannonade of hail descends around you!
The hail pelts the orc warrior!
The orc warrior is severely wounded.
The wall freezes the orc warrior but does no damage.
The orc warrior hits you from afar with a +0 trident of flaming!
You die...

#..........#
#..........#
###..........# ,,**
##...........## , *
........#.##..## , #
..........##...## ,
.#
.........###..).##
..
.........#####...#o#
............###.@.#*
, ............#
##...# ,
............#
##....# ,
........#...#
##*#.:_# *
...........^#...
#..# *
.....)).....#.#*
*### ....##.##.....#
, ,, *
...##.......### *
...##...#...# ,


You could see an orc warrior.

Vanquished Creatures
  An orc priest (D:4)
  A jelly (D:4)
  An orc wizard (D:4)
  3 adders (D:2)
  4 gnolls (D:2)
  4 orcs (D:4)
  6 bats
  3 endoplasms
  2 giant cockroaches (D:1)
  6 goblins
  3 hobgoblins
  4 jackals (D:3)
  3 quokkas
  2 ball pythons
  A frilled lizard (D:3)
  A kobold (D:3)
  3 rats
48 creatures vanquished.

Notes
Turn   | Place    | Note
-------+----------+-------------------------------------------
     0 | D:1      | hawla the Meteoran Ice Elementalist began the quest for the
                  | Orb.
     0 | D:1      | Reached XP level 1. HP: 14/14 MP: 5/5
    39 | D:1      | Reached XP level 2. HP: 20/20 MP: 2/6
   160 | D:2      | Reached skill level 5 in Ice Magic
   160 | D:2      | Reached XP level 3. HP: 20/26 MP: 5/8
   179 | D:2      | Learned a level 3 spell: Frozen Ramparts
   369 | D:2      | Reached XP level 4. HP: 33/33 MP: 5/10
   430 | D:3      | Reached XP level 5. HP: 37/38 MP: 7/12
   437 | D:3      | Learned a level 4 spell: Hailstorm
   442 | D:3      | Identified the +1 scale mail of Deaxt {Fly}
   514 | D:2      | Reached skill level 1 in Conjurations
  1219 | D:4      | Reached XP level 6. HP: 33/45 MP: 3/13
  1243 | D:4      | Found a shimmering blue altar of Sif Muna.
  1253 | D:4      | Noticed an orc warrior
  1258 | D:4      | Slain by an orc warrior

Illustrated notes

Levels and vault maps discovered:
D:1:      dpeg_arrival_ternary, layout_loops_ring, basic_ecumenical_altar,
          serial_bayou_pond_c
D:2:      layout_rooms
D:3:      layout_rooms
D:4:      layout_rooms, nzn_overflow_gifts_of_might_and_magic,
          minmay_temple_entry_gardened_gates

Skill      XL: |  1  2  3  4  5  6 |
---------------+-------------------+-----
Spellcasting   | 3 4 |  4.0
Ice Magic      | 5 |  5.6
Conjurations   | 3 4 |  4.1
Fighting       | |  0.1
Dodging        | |  2.5
Stealth        | |  1.4

Action                   |  1- 3 |  4- 6 || total
-------------------------+-------+-------++-------
Melee: Unarmed           |     2 |     8 ||    10
 Cast: Freeze            |    25 |    22 ||    47
       Frozen Ramparts   |     1 |    13 ||    14
       Hailstorm         |       |     5 ||     5
  Use: Potion            |       |     1 ||     1
Armor: Robe              |    12 |    30 ||    42
Dodge: Dodged            |    20 |    32 ||    52
